 Dungeon Crawl Stone Soup version 0.20-a0-1124-g2e29d97 (webtiles) character file.

55 wolfsongas the Chucker (level 3, -1/35 HPs)
             Began as an Ogre Arcane Marksman on May 15, 2017.
             Slain by Terence
             ... wielding a +0 hand axe
              (2 damage)
             ... on level 2 of the Dungeon.
             The game lasted 00:06:09 (1006 turns).

wolfsongas the Chucker (Ogre Arcane Marksman)       Turns: 1006, Time: 00:06:10

Health: -1/35      AC:  4    Str: 14    XL:     3   Next: 93%
Magic:  4/4        EV: 10    Int: 14    God:
Gold:   21         SH:  0    Dex: 10    Spells: 3/4 levels left

rFire    . . .     SeeInvis .   i - -3 short sword (curse)
rCold    . . .     Gourm    .   (no shield)
rNeg     . . .     Faith    .   a - +1 robe
rPois    +         Spirit   .   (helmet restricted)
rElec    .         Reflect  .   (no cloak)
rCorr    .         Harm     .   (gloves unavailable)
MR       .....                  (boots unavailable)
Stlth    +.........             (no amulet)
Regen    0.2/turn               e - ring of poison resistance
MPRegen  0.1/turn               (no ring)

@: no status effects
A: unfitting armour, tough skin 1
a: no special abilities


You were on level 2 of the Dungeon.
You were not hungry.

You visited 1 branch of the dungeon, and saw 2 of its levels.

You collected 21 gold pieces.

Inventory:

Hand Weapons
 i - a cursed -3 short sword (weapon)
Missiles
 d - a throwing net (quivered)
Armour
 a - a +1 robe (worn)
Jewellery
 e - a ring of poison resistance (left hand)
Potions
 j - 3 potions of curing
 k - a potion of magic
Books
 b - a book of Debilitation

   Spells                             Type                      Level
   a - Corona                         Hexes                        1
   b - Slow                           Hexes                        2
   c - Inner Flame                    Hexes/Fire                   3
   d - Portal Projectile              Hexes/Translocation          3
   e - Cause Fear                     Hexes                        4
   f - Leda's Liquefaction            Hexes/Earth                  4
Comestibles
 f - 3 bread rations
 g - 3 chunks of flesh
 h - 2 meat rations
 l - a royal jelly


   Skills:
 + Level 1.7 Fighting
 * Level 4.0 Throwing
 - Level 1.7 Dodging
 + Level 0.1 Stealth
 - Level 1.2 Spellcasting
 - Level 2.6 Hexes


You had 3 spell levels left.
You knew the following spells:

 Your Spells              Type           Power        Failure   Level  Hunger
a - Corona                Hex            #......      9%          1    ##.....


Dungeon Overview and Level Annotations

Branches:
Dungeon (2/15)

Altars:

Annotations:
D:2 Terence


Innate Abilities, Weirdness & Mutations

You are too large for most types of armour.
You have tough skin. (AC +1)


Message History

Terence is severely wounded.
Terence closely misses you.
You hit Terence but do no damage.
Terence is severely wounded.
Terence barely misses you.
You hit Terence but do no damage.
Terence is severely wounded.
Terence closely misses you.
You barely miss Terence.
Terence is severely wounded.
Terence hits you with a hand axe.
* * * LOW HITPOINT WARNING * * *
You hit Terence but do no damage.
Terence is severely wounded.
Terence hits you but does no damage.
You hit Terence.
Terence is almost dead.
Terence bares his teeth.
Terence hits you with a hand axe.
You die...

###########...# #..###.
##.........((..#######
#..###.
.....)######.........#
#...... #####.#
####.#######.# #.##### #
#.#
#.........)....####.#####
# #.#
#.##.#######.#......<....
# #.# # #.#
#.############ #####.#
..#.#######..#######
......#
..(.(.@@............
###.###
...###...###..#..## #.# .
#..## ##.#..# #.#
..###...# #....# #.#
#.##..### ###..# #.#
#....# #+# ##.# #.# #.#..
+.+ #.# #.# #.#..## ##.##
##.# #.#
##.##..###.#.###..#


You could see Terence.

Vanquished Creatures
  2 adders (D:2)
  2 oozes
  3 bats
  4 giant cockroaches
  2 goblins (D:2)
  2 hobgoblins
  7 kobolds
  A ball python (D:1)
  A frilled lizard (D:2)
  7 rats
31 creatures vanquished.

Notes
Turn   | Place    | Note
-------+----------+-------------------------------------------
     0 | D:1      | wolfsongas the Ogre Arcane Marksman began the quest for the Orb.
     0 | D:1      | Reached XP level 1. HP: 19/19 MP: 2/2
   163 | D:1      | Reached XP level 2. HP: 27/27 MP: 3/3
   337 | D:1      | Reached skill level 3 in Throwing
   623 | D:2      | Reached XP level 3. HP: 30/33 MP: 4/4
   963 | D:2      | Reached skill level 4 in Throwing
   966 | D:2      | Noticed Terence
  1004 | D:2      | HP: 1/35 [Terence/hand axe (4)]
  1006 | D:2      | Slain by Terence

Vault maps used:
D:1:      ncdulo_lavacross
D:2:      first_bread, nemelex_dance_club_becter, uniq_terence

Skill      XL: |  1  2  3 |
---------------+----------+-----
Throwing       | 3 4 |  4.0
Fighting       | |  1.7
Dodging        | |  1.7
Stealth        | |  0.1
Spellcasting   | |  1.2
Hexes          | |  2.6

Action                   || total
-------------------------++-------
Melee: Unarmed           ||     2
       Short sword       ||    34
Throw: Large rock        ||    47
       Throwing net      ||     1
  Use: Potion            ||     4
       Scroll            ||     4
Armor: Robe              ||     9
Dodge: Dodged            ||    26
